 Dungeon Crawl Stone Soup version 0.30.0-18-gf1372a6a44 (webtiles) character file.

Game seed: 11315615830229421808

212 qw the Chopper (level 5, -5/32 HPs)
             Began as a Gargoyle Fighter on May 22, 2023.
             Killed from afar by Blork the orc (9 damage)
             ... with a puff of frost
             ... on level 4 of the Dungeon.
             The game lasted 00:01:05 (2762 turns).

qw the Chopper (Gargoyle Fighter)                   Turns: 2762, Time: 00:01:06

Health: -5/32      AC: 13    Str: 22    XL:     5   Next: 90%
Magic:  5/5        EV:  8    Int:  8    God:
Gold:   90         SH:  4    Dex:  9    Spells: 4/4 levels left

rFire   . . .        Y - +0 war axe (elec)
rCold   . . .        c - +0 buckler
rNeg    + . .        n - +0 chain mail
rPois   inf          (no helmet)
rElec   +            (no cloak)
rCorr   .            (no gloves)
SInv    .            (no boots)
Will    .....        (no amulet) Stlth
                     (no ring)
HPRegen 0.25/turn    (no ring)
MPRegen 0.09/turn

%: no passive effects
@: no status effects
A: sickness immunity, AC +4, negative energy resistance 1, electricity
resistance, torment resistance 1, petrification resistance
a: no special abilities


You were on level 4 of the Dungeon.
You visited 1 branch of the dungeon, and saw 4 of its levels.

You collected 90 gold pieces.


Innate Abilities, Weirdness & Mutations

You are immune to sickness and miasma.
Your stone body is resilient. (AC +4)
You are immune to poison.
You resist negative energy. (rN+)
You are resistant to electric shocks. (rElec)
You are resistant to unholy torment.
You are immune to petrification.


   Skills:
 + Level 3.5 Fighting
 - Level 5.0 Axes
 - Level 1.1 Throwing
 - Level 3.2 Armour
 - Level 3.2 Shields


You had 4 spell levels left.
You didn't know any spells.
Your spell library was empty.

Inventory:

Hand Weapons
 h - a +0 flail
 Y - a +0 war axe of electrocution (weapon)
Missiles
 e - 8 boomerangs (quivered)
Armour
 c - a +0 buckler (worn)
 n - a +0 chain mail (worn)
Scrolls
 a - a scroll of enchant armour
 g - a scroll of identify
Potions
 d - a potion of might
 f - a potion of heal wounds {unknown}
 i - a potion of ambrosia {unknown}
 j - a potion of cancellation {unknown}
 k - a potion of curing
 l - a potion of invisibility {unknown}

Dungeon Overview and Level Annotations

Branches:
Dungeon (4/15)
 Temple: D:4-7

Altars:
Wu Jian

Shops:
D:1 =   D:2 (   D:3 =

Annotations:
D:4 Blork the orc


Message History

There are monsters nearby!
There are monsters nearby!
Enter note:
Found a stone staircase leading down.
The goblin shouts!
You throw a javelin. The javelin barely misses the goblin.
You throw a javelin. The javelin pierces through the goblin!
You kill the goblin!
Blork the orc casts a spell at you. The puff of frost hits you!
Enter note:
Enter note:
Enter note:
Enter note:
Enter note:
Enter note:
2753 ||| Stepping ~*~*~tactically~*~*~ (hiding).
2754 ||| Stepping ~*~*~tactically~*~*~ (hiding).
You start resting.
There are monsters nearby!
2756 ||| Stepping ~*~*~tactically~*~*~ (hiding).
You throw a javelin.
The javelin barely misses Blork the orc.
The javelin pierces through the giant cockroach!
You kill the giant cockroach!
Blork the orc hits you but does no damage.
Blork the orc casts a spell at you. The puff of flame hits you!
You closely miss Blork the orc.
Blork the orc hits you with a +0 halberd.
Blork the orc casts a spell at you.
The puff of flame hits you but does no damage.
You slash Blork the orc!
Blork the orc is moderately wounded.
Blork the orc hits you with a +0 halberd!
You hit Blork the orc.
Blork the orc is moderately wounded.
Blork the orc casts a spell at you. The puff of frost hits you!
You die...

#. #.#.#.#
###.##...#.#
.....#####.#
...........## ###
......#.....##...
................
#.#.........(..
##.#............
####..#...@.......#
#..........o)......
#.#.#.#....#[......
##..........#.......
#..#.#.#....#...(..>
.........##.#.......
#.#.#.#.##.#.......
#.......##.#.......
###....###.#...


You could see Blork the orc.

Vanquished Creatures
  A sleepcap (D:4)
  2 iguanas (D:4)
  3 gnolls (D:2)
  4 adders
  A worm (D:3)
  3 bats
  8 endoplasms
  A giant cockroach (D:4)
  10 goblins
  3 hobgoblins
  11 jackals
  2 quokkas
  3 ball pythons
  2 frilled lizards (D:1)
  4 kobolds
  7 rats
65 creatures vanquished.

Notes
Turn   | Place    | Note
-------+----------+-------------------------------------------
     0 | D:1      | qw the Gargoyle Fighter began the quest for the Orb.
     0 | D:1      | Reached XP level 1. HP: 14/14 MP: 1/1
     0 | D:1      | 0 ||| qw: Version: 0.2-a-98-g5d7165a
     0 | D:1      | 0 ||| qw: Game counter: 2
     0 | D:1      | 0 ||| qw: Always use a shield: true
     0 | D:1      | 0 ||| qw: God list: Okawaru
     0 | D:1      | 0 ||| qw: Allow faded altars: false
     0 | D:1      | 0 ||| qw: Do Orc after D:15 true
     0 | D:1      | 0 ||| qw: Do second Lair branch before Depths: true
     0 | D:1      | 0 ||| qw: Lair rune preference: random
     0 | D:1      | 0 ||| qw: Plans: Normal, Zot:1-4, God:TSO, Crypt, Tomb,
                  | Pan, Slime:5, Hells, Abyss, Win
     0 | D:1      | 0 ||| PLANNING D:1-11
    13 | D:1      | 13 ||| Stepping ~*~*~tactically~*~*~ (stealth).
    15 | D:1      | 15 ||| Stepping ~*~*~tactically~*~*~ (stealth).
    41 | D:1      | Reached skill level 2 in Axes
   121 | D:1      | 121 ||| Stepping ~*~*~tactically~*~*~ (stealth).
   127 | D:1      | Reached XP level 2. HP: 19/19 MP: 2/2
   230 | D:1      | 230 ||| DROPPING +0 club.
   290 | D:1      | Found Sag Wuk's Jewellery Emporium.
   298 | D:1      | 298 ||| SHOPLISTING +4 ring of protection (360 gold, have
                  | 23).
   298 | D:1      | 298 ||| SHOPLISTING amulet of guardian spirit (300 gold,
                  | have 23).
   298 | D:1      | 298 ||| SHOPLISTING amulet of reflection (300 gold, have
                  | 23).
   298 | D:1      | 298 ||| SHOPLISTING ring of fire (250 gold, have 23).
   298 | D:1      | 298 ||| SHOPLISTING ring of ice (250 gold, have 23).
   298 | D:1      | 298 ||| SHOPLISTING ring of positive energy (200 gold, have
                  | 23).
   298 | D:1      | 298 ||| SHOPLISTING ring of protection from cold (250 gold,
                  | have 23).
   426 | D:1      | 426 ||| READING scroll labelled NIUNGIOKEU.
   427 | D:1      | 427 ||| READING scroll labelled MUNKEF CEIG.
   433 | D:1      | Reached skill level 3 in Axes
   462 | D:1      | 462 ||| Stepping ~*~*~tactically~*~*~ (stealth).
   469 | D:1      | Reached XP level 3. HP: 23/23 MP: 3/3
   765 | D:1      | Found a faded altar of an unknown god.
   820 | D:1      | 820 ||| READING scroll labelled PUHEIB GETHIT.
   823 | D:1      | 823 ||| READING scroll labelled GUIPLI NOIGUHY.
   824 | D:1      | 824 ||| READING scroll labelled TAURYENASA.
   825 | D:1      | 825 ||| READING scroll labelled IMIXOU YFESOGGELU.
   826 | D:1      | 826 ||| DRINKING 2 smoky emerald potions.
   930 | D:1      | 930 ||| DROPPING potion of berserk rage.
  1301 | D:2      | Found Noynkek's Weapon Emporium.
  1332 | D:2      | Reached XP level 4. HP: 28/28 MP: 4/4
  1483 | D:2      | Reached skill level 4 in Axes
  1749 | D:2      | 1749 ||| READING 2 scrolls labelled KOHUMA MIUMO.
  1750 | D:2      | 1750 ||| DRINKING 2 red potions.
  1751 | D:2      | 1751 ||| DROPPING potion of magic.
  1798 | D:3      | Found Tihived's Jewellery Emporium.
  1805 | D:3      | 1805 ||| SHOPLISTING +6 ring of dexterity (432 gold, have
                  | 68).
  1805 | D:3      | 1805 ||| SHOPLISTING ring of positive energy (240 gold,
                  | have 68).
  1805 | D:3      | 1805 ||| SHOPLISTING ring of protection from cold (300
                  | gold, have 68).
  1805 | D:3      | 1805 ||| SHOPLISTING ring of see invisible (180 gold, have
                  | 68).
  1895 | D:3      | 1895 ||| Stepping ~*~*~tactically~*~*~ (stealth).
  1941 | D:3      | Reached XP level 5. HP: 32/32 MP: 5/5
  2317 | D:3      | 2317 ||| UPGRADING to +0 chain mail.
  2327 | D:3      | 2327 ||| DROPPING +0 scale mail.
  2328 | D:3      | 2328 ||| READING scroll labelled QAWORPH RAUKHLER.
  2329 | D:3      | 2329 ||| DRINKING 2 dark potions.
  2388 | D:4      | HP: 5/32 [iguana (5)]
  2394 | D:4      | Reached skill level 1 in Throwing
  2508 | D:4      | Found an ornate altar of the Wu Jian Council.
  2568 | D:4      | 2568 ||| Stepping ~*~*~tactically~*~*~ (stealth).
  2574 | D:4      | Reached skill level 5 in Axes
  2721 | D:4      | Noticed Blork the orc
  2722 | D:4      | 2722 ||| READING scroll labelled LIBBOAC JUSIE.
  2753 | D:4      | 2753 ||| Stepping ~*~*~tactically~*~*~ (hiding).
  2754 | D:4      | 2754 ||| Stepping ~*~*~tactically~*~*~ (hiding).
  2756 | D:4      | 2756 ||| Stepping ~*~*~tactically~*~*~ (hiding).
  2761 | D:4      | HP: 4/32 [Blork the orc/+0 halberd (7)]
  2762 | D:4      | Killed from afar by Blork the orc

Levels and vault maps discovered:
D:1:      arrival_zaba_pyramid, layout_loops_cross, serial_shops, shop,
          hellmonk_ecumenical_altar_leap_of_faith, dreamdust_princess_bridge,
          minmay_misc_feat_tower
D:2:      layout_loops_ring, serial_shops, nicolae_square_shop
D:3:      layout_basic, serial_shops, shop, minmay_misc_feat_ornament,
          dk_noncrumbling_2
D:4:      layout_rooms, mainiacjoe_overflow_alcove_4, serial_co_window_serial,
          co_window_of_opportunity_a, co_window_of_opportunity_a,
          co_window_of_opportunity_a, co_window_paths_a, co_window_corner_a,
          co_window_paths_c, co_window_broadway_b, co_window_broadway_b,
          co_window_corner_cb, co_window_broadway_c, co_window_corner_b,
          glass_columns_a, glass_columns_b, glass_columns_a, uniq_blork_the_orc

Skill      XL: |  1  2  3  4  5 |
---------------+----------------+-----
Axes           | 2 3 4 5 |  5.0
Throwing       | 1 |  1.1
Fighting       | |  3.5
Armour         | |  3.2
Shields        | |  3.2

Action                     |  1- 3 |  4- 6 || total
---------------------------+-------+-------++-------
  Melee: War axe           |    74 |    75 ||   149
  Throw: Boomerang         |    24 |    22 ||    46
         Javelin           |       |    13 ||    13
    Use: Scroll            |     6 |     3 ||     9
         Potion            |     1 |     2 ||     3
 Armour: Scale mail        |    51 |    21 ||    72
         Chain mail        |       |    11 ||    11
  Dodge: Dodged            |    25 |    28 ||    53
  Block: Buckler           |    14 |    11 ||    25

Table legend:
 A = Non-vault XP
 B = Vault XP
 C = Vault XP percentage of total XP
 D = Non-vault monster count
 E = Vault monster count
 F = Vault count percentage of total count
                 A         B        C        D         E       F
            +---------+---------+-------+---------+---------+-------
      Total |     304 |       0 |   0.0 |      65 |       0 |   0.0
            +---------+---------+-------+---------+---------+-------
        D:1 |      46 |       0 |   0.0 |      25 |       0 |   0.0
        D:2 |      85 |       0 |   0.0 |      17 |       0 |   0.0
        D:3 |      37 |       0 |   0.0 |      13 |       0 |   0.0
        D:4 |     136 |       0 |   0.0 |      10 |       0 |   0.0
            +---------+---------+-------+---------+---------+-------
